 Dungeon Crawl Stone Soup version 0.28.0-53-g5a82cb258f (webtiles) character file.

Game seed: 8204031613466513159

11 jamesblauser the Cutter (level 2, 0/17 HPs)
             Began as a Gargoyle Gladiator on Nov 5, 2022.
             Slain by a rat (1 damage)
             ... on level 1 of the Dungeon.
             The game lasted 00:06:37 (317 turns).

jamesblauser the Cutter (Gargoyle Gladiator)         Turns: 317, Time: 00:06:38

Health: 0/17       AC:  9    Str: 17    XL:     2   Next: 29%
Magic:  2/2        EV: 10    Int:  8    God:
Gold:   23         SH:  0    Dex: 11    Spells: 1/1 levels left

rFire   . . .      SeeInvis .   a - +0 rapier
rCold   . . .      Faith    .   (no shield)
rNeg    + . .      Spirit   .   j - +0 scale mail
rPois   ∞          Reflect  .   c - +0 helmet
rElec   +          Harm     .   (no cloak)
rCorr   .          Rampage  .   (no gloves)
Will    .....                   (no boots)
Stlth   ..........              (no amulet)
HPRegen 0.05/turn               (no ring)
MPRegen 0.08/turn               (no ring)

@: no status effects
A: sickness immunity, AC +2, negative energy resistance 1, electricity
resistance, torment resistance 1, petrification resistance
a: no special abilities


You were on level 1 of the Dungeon.
You visited 1 branch of the dungeon, and saw 1 of its levels.

You collected 23 gold pieces.

Inventory:

Hand Weapons
 a - a +0 rapier (weapon)
 e - a +0 dagger
 h - a +0 dagger
 i - a +0 club
 l - a +0 club
 m - a +0 falchion
Missiles
 d - 3 throwing nets (quivered)
 f - 31 stones
 g - 45 arrows
 k - 5 boomerangs
 n - 6 poisoned darts
Armour
 b - a +0 leather armour
 c - a +0 helmet (worn)
 j - a +0 scale mail (worn)


   Skills:
 + Level 2.2 Fighting
 + Level 3.0 Short Blades
 + Level 1.9 Throwing
 + Level 0.2 Armour
 + Level 2.5 Dodging


You had one spell level left.
You didn't know any spells.
Your spell library was empty.

Dungeon Overview and Level Annotations

Branches:
Dungeon (1/15)

Altars:


Innate Abilities, Weirdness & Mutations

You are immune to sickness and miasma.
Your stone body is resilient. (AC +2)
You are immune to poison.
You resist negative energy. (rN+)
You are resistant to electric shocks. (rElec)
You are resistant to unholy torment.
You are immune to petrification.


Message History

A giant cockroach and a goblin come into view.
The goblin shouts!
A hobgoblin comes into view.
The giant cockroach closely misses you.
The giant cockroach bites you but does no damage.
You see here 13 arrows.
The rat twitches its whiskers.
The hobgoblin closely misses you.
The giant cockroach bites you but does no damage.
You hit the giant cockroach.
The giant cockroach is severely wounded.
The giant cockroach bites you.
* * * LOW HITPOINT WARNING * * *
The hobgoblin hits you but does no damage.
You barely miss the giant cockroach.
The giant cockroach is severely wounded.
The giant cockroach barely misses you.
The hobgoblin hits you but does no damage.
You closely miss the giant cockroach.
The giant cockroach is severely wounded.
The giant cockroach closely misses you.
You hit the giant cockroach.
The giant cockroach is almost dead.
The giant cockroach bites you.
* * * LOW HITPOINT WARNING * * *
The hobgoblin closely misses you. The giant cockroach closely misses you.
The rat closely misses you.
You puncture the giant cockroach!
You kill the giant cockroach!
The hobgoblin misses you. The rat barely misses you.
The hobgoblin closely misses you. The goblin closely misses you.
The hobgoblin closely misses you. The hobgoblin hits you.
* * * LOW HITPOINT WARNING * * *
Found a spear.
Found a robe.
The rat bites you but does no damage. The goblin hits you but does no damage.
The goblin hits you but does no damage. The rat bites you.
You die...

##....†(....###.......
##.....................
#......................
#.............(...#.
#...................
#...................
#....gg.............
##...r..............
##...@.............
####........ #........
#........ #.)......
#.....[.. ###......
......


You could see a hobgoblin, a goblin and a rat.

Vanquished Creatures
  2 giant cockroaches (D:1)
  2 goblins (D:1)
  A hobgoblin (D:1)
  2 ball pythons (D:1)
  3 kobolds (D:1)
  A rat (D:1)
11 creatures vanquished.

Notes
Turn   | Place    | Note
-------+----------+-------------------------------------------
     0 | D:1      | jamesblauser the Gargoyle Gladiator began the quest for the
                  | Orb.
     0 | D:1      | Reached XP level 1. HP: 12/12 MP: 1/1
    34 | D:1      | Found a faded altar of an unknown god.
   178 | D:1      | Reached skill level 3 in Short Blades
   178 | D:1      | Reached XP level 2. HP: 6/17 MP: 2/2
   317 | D:1      | Slain by a rat

Illustrated notes

Levels and vault maps discovered:
D:1:      saegor_arrival_simple_a, layout_rooms,
          hellmonk_ecumenical_altar_arch_garden

Skill      XL: |  1 |
---------------+----+-----
Short Blades   | 3 |  3.0
Fighting       | |  2.2
Throwing       | |  1.9
Armour         | |  0.2
Dodging        | |  2.5

Action                   || total
-------------------------++-------
Melee: Rapier            ||    37
       Punch             ||     1
  Use: Potion            ||     1
Armor: Scale mail        ||    22
       Leather armour    ||     5
Dodge: Dodged            ||    38
